 Dungeon Crawl Stone Soup version 0.31-a0-233-g139696dc86 (webtiles) character file.

Game seed: 14677368628128560411

163 qw the Shooter (level 5, -1/45 HPs)
             Began as a Minotaur Hexslinger on July 7, 2023.
             Slain by Pargi (2 damage)
             ... on level 4 of the Dungeon.
             The game lasted 00:01:11 (2537 turns).

qw the Shooter (Minotaur Hexslinger)                Turns: 2537, Time: 00:01:12

Health: -1/45      AC:  5    Str: 19    XL:     5   Next: 20%
Magic:  5/5        EV: 11    Int: 10    God:
Gold:   71         SH:  0    Dex: 14    Spells: 5/6 levels left

rFire   . . .        Y - +2 sling
rCold   . . .        (no shield)
rNeg    . . .        d - +0 ring mail
rPois   .            (helmet restricted)
rElec   .            (no cloak)
rCorr   .            (no gloves)
SInv    .            (no boots)
Will    .....        (no amulet)
Stlth   +            k - +6 ring of strength
HPRegen 0.27/turn    (no ring)
MPRegen 0.09/turn

%: no passive effects
@: no status effects
A: horns 2, retaliatory headbutt
a: no special abilities


You were on level 4 of the Dungeon.
You visited 1 branch of the dungeon, and saw 4 of its levels.

You collected 154 gold pieces.
You spent 83 gold pieces at shops.


Innate Abilities, Weirdness & Mutations

You have a pair of horns on your head.
You reflexively headbutt those who attack you in melee.


   Skills:
 - Level 3.0 Fighting
 + Level 5.2 Ranged Weapons
 - Level 1.1 Armour
 - Level 2.1 Dodging
 - Level 1.0 Spellcasting
 - Level 2.0 Hexes


You had 5 spell levels left.
You knew the following spells:

 Your Spells              Type           Power      Damage    Failure   Level
a - Slow                  Hex            16%        N/A       26%         1

Your spell library contained the following spells:

 Spells                   Type           Power      Damage    Failure   Level
 Inner Flame              Hex/Fire       2%         N/A       75%         3
 Portal Projectile        Hex/Tloc       4%         N/A       75%         3
 Cause Fear               Hex            2%         N/A       95%         4

Inventory:

Hand Weapons
 Y - a +2 sling (weapon)
Armour
 d - a +0 ring mail (worn)
Jewellery
 k - a +6 ring of strength (left hand)
Wands
 c - a wand of digging (6)
Scrolls
 g - a scroll of identify
Potions
 a - a potion of haste
 b - a potion of invisibility {unknown}
 e - a potion of magic {unknown}
 f - 3 potions of curing
 h - a potion of might {unknown}
 j - a potion of attraction {unknown}

Dungeon Overview and Level Annotations

Branches:
Dungeon (4/15)
 Temple: D:4-7

Altars:
Zin

Shops:
D:2 :*![(

Annotations:
D:4 Pargi


Message History

Pargi closely misses you. You furiously retaliate!
You headbutt Pargi. Pargi barely misses you. x2
You shoot a sling bullet. The sling bullet closely misses Pargi.
Pargi bites you but does no damage. Pargi claws you but does no damage. x2
You shoot a sling bullet. The sling bullet misses Pargi.
Pargi bites you. Pargi claws you. Pargi barely misses you.
You shoot a sling bullet. The sling bullet closely misses Pargi.
Pargi bites you but does no damage. Pargi claws you but does no damage. x2
Pargi bites you. Pargi closely misses you. Pargi claws you but does no damage.
You shoot a sling bullet. The sling bullet hits Pargi!
Pargi is severely wounded.
Pargi bites you. Pargi claws you but does no damage. x2
You shoot a sling bullet. The sling bullet misses Pargi.
Pargi bites you. Pargi claws you but does no damage. Pargi claws you.
You shoot a sling bullet. The sling bullet closely misses Pargi.
Pargi bites you but does no damage. Pargi barely misses you.
Pargi completely misses you.
You shoot a sling bullet. The sling bullet barely misses Pargi.
Pargi misses you. Pargi claws you but does no damage. Pargi claws you.
You shoot a sling bullet. The sling bullet barely misses Pargi.
Pargi barely misses you. Pargi claws you but does no damage. x2
Pargi bites you. Pargi claws you but does no damage. Pargi misses you.
You shoot a sling bullet. The sling bullet hits Pargi!
Pargi is severely wounded.
Pargi hisses menacingly.
Pargi barely misses you. Pargi claws you. Pargi closely misses you.
You shoot a sling bullet. The sling bullet barely misses Pargi.
Pargi bites you. Pargi barely misses you. Pargi claws you but does no damage.
You shoot a sling bullet. The sling bullet hits Pargi.
Pargi is almost dead.
Pargi bites you but does no damage. Pargi claws you but does no damage. x2
You shoot a sling bullet. The sling bullet closely misses Pargi.
Pargi completely misses you. Pargi claws you but does no damage.
Pargi closely misses you. Pargi bites you but does no damage.
Pargi claws you but does no damage. Pargi barely misses you.
You shoot a sling bullet. The sling bullet closely misses Pargi.
Pargi bites you. Pargi barely misses you. x2
You shoot a sling bullet. The sling bullet barely misses Pargi.
Pargi bites you.
You die...

#..# #...##$##..#.#.# . #....
#####...##K...##.#.# .. #...#
#...##...######..#%### ... .... #
....##............... .#.###.##
..# #..###....(.....#..
<........##..)##...####..........
.....#.##<# ##........####......
.........##..)##...####.....#.#..
.......### #T@###.[......#.#..
.......####.....##..........#....
#####...>.##...##...######%.#.##.
###.#.####.#####...##....##......
......####.#..##...##.##..#......
.##............##..)###...#.#.###
...........##>#.##.......##.#.#
.##...###..##.#..###...####.#.###
......###..##.#....########.....#


You could see Pargi.

Vanquished Creatures
  3 adders
  A shadow imp (D:4)
  2 worms (D:2)
  5 dart slugs
  6 orcs
  10 ball pythons
  9 bats
  8 endoplasms
  5 goblins
  4 hobgoblins
  13 jackals
  3 kobolds
  9 quokkas
  5 frilled lizards
  14 rats
97 creatures vanquished.

Notes
Turn   | Place    | Note
-------+----------+-------------------------------------------
     0 | D:1      | qw the Minotaur Hexslinger began the quest for the Orb.
     0 | D:1      | Reached XP level 1. HP: 16/16 MP: 1/1
     0 | D:1      | 0 ||| qw: Version: 0.3-a-46-gb1f654a
     0 | D:1      | 0 ||| qw: Game counter: 3169
     0 | D:1      | 0 ||| qw: Melee chars always use a shield: true
     0 | D:1      | 0 ||| qw: God list: Okawaru
     0 | D:1      | 0 ||| qw: Allow faded altars: false
     0 | D:1      | 0 ||| qw: Do Orc after clearing Dungeon:15 true
     0 | D:1      | 0 ||| qw: Do second Lair branch before Depths: true
     0 | D:1      | 0 ||| qw: Lair rune preference: random
     0 | D:1      | 0 ||| qw: Goals: Normal
     0 | D:1      | 0 ||| PLANNING D:1-11
    33 | D:1      | Reached skill level 3 in Ranged Weapons
    33 | D:1      | Reached XP level 2. HP: 11/23 MP: 2/2
   324 | D:1      | Reached XP level 3. HP: 29/29 MP: 3/3
   563 | D:1      | Reached skill level 4 in Ranged Weapons
   619 | D:1      | 619 ||| UPGRADING to +0 ring mail.
   629 | D:1      | 629 ||| DROPPING +0 robe.
   630 | D:1      | 630 ||| READING scroll labelled CIGRAT UGROUTOK.
   631 | D:1      | 631 ||| DROPPING scroll of poison.
   656 | D:2      | Reached skill level 1 in Armour
   708 | D:2      | Found Vassim's Distillery.
   715 | D:2      | 715 ||| BUYING potion of curing (36 gold).
   715 | D:2      | Bought a potion of curing for 36 gold pieces
   715 | D:2      | 715 ||| SHOPLISTING potion of enlightenment (60 gold, have
                  | 41).
   715 | D:2      | 715 ||| SHOPLISTING potion of mutation (96 gold, have 41).
   739 | D:2      | Found Uhiq's Antique Armour Shoppe.
   774 | D:2      | Reached XP level 4. HP: 36/36 MP: 4/4
   851 | D:2      | Found Agunuat's Antique Weapon Emporium.
   856 | D:2      | 856 ||| SHOPLISTING brightly glowing orcbow (212 gold, have
                  | 46).
   921 | D:2      | Found Royrch's Assorted Antiques.
   928 | D:2      | 928 ||| BUYING emerald potion (22 gold).
   928 | D:2      | Bought an emerald potion for 22 gold pieces
   928 | D:2      | 928 ||| BUYING scroll labelled DAXUGAIDDA (25 gold).
   928 | D:2      | Bought a scroll labelled DAXUGAIDDA for 25 gold pieces
   928 | D:2      | 928 ||| SHOPLISTING scroll labelled KEKKES EMPEBB (25 gold,
                  | have 9).
   928 | D:2      | 928 ||| SHOPLISTING scroll labelled QEUGRACKARIM (25 gold,
                  | have 9).
  1012 | D:2      | Found Qaraliav's Book Shop.
  1065 | D:2      | Found a glowing silver altar of Zin.
  1285 | D:2      | 1285 ||| READING scroll labelled DAXUGAIDDA.
  1530 | D:3      | Reached skill level 5 in Ranged Weapons
  1924 | D:3      | Reached skill level 3 in Fighting
  1924 | D:3      | Reached XP level 5. HP: 39/45 MP: 5/5
  2215 | D:3      | 2215 ||| UPGRADING to +6 ring of strength.
  2216 | D:3      | 2216 ||| READING 3 scrolls labelled QEUGRACKARIM.
  2217 | D:3      | 2217 ||| READING scroll labelled OCOUZA XOPUNEU.
  2294 | D:3      | 2294 ||| READING scroll labelled KATYEDD TARA.
  2295 | D:3      | 2295 ||| READING 2 scrolls of identify.
  2295 | D:3      | 2295 ||| IDENTIFYING white potion
  2315 | D:4      | 2315 ||| PLANNING SEWER
  2492 | D:4      | Identified the +0 robe of the Eagle {Harm rN+ Dex-4}
  2507 | D:4      | 2507 ||| DROPPING +0 robe of the Eagle {Harm rN+ Dex-4}.
  2516 | D:4      | Noticed Pargi
  2531 | D:4      | HP: 10/45 [Pargi (2)]
  2533 | D:4      | HP: 4/45 [Pargi (4)]
  2536 | D:4      | HP: 1/45 [Pargi (4)]
  2537 | D:4      | Slain by Pargi

Levels and vault maps discovered:
D:1:      amcnicky_arrival_wind_blow, layout_rooms, minivault_23,
          minmay_misc_feat_nine_boxes
D:2:      layout_loops_ring, serial_shops, shop, shop_statue, shop,
          nicolae_shop_hallway_stairs, shop, basic_altar, minmay_crystal_water,
          corexii_leaking_fountain, nicolae_the_louvre
D:3:      layout_basic, minmay_box_of_dots
D:4:      layout_basic, kennysheep_mini, lemuel_mausoleum_altar_yredelemnul,
          portal_sewer_entry_e, minmay_puff, uniq_pargi, uniq_natasha

Skill      XL: |  1  2  3  4 |
---------------+-------------+-----
Ranged Weapons | 3 4 5 |  5.2
Fighting       | 2 3 |  3.0
Armour         | 1 |  1.1
Dodging        | |  2.1
Spellcasting   | |  1.0
Hexes          | |  2.0

Action                     |  1- 3 |  4- 6 || total
---------------------------+-------+-------++-------
   Fire: Sling             |   119 |   138 ||   257
    Use: Scroll            |     1 |     5 ||     6
 Armour: Robe              |     4 |       ||     4
         Ring mail         |     7 |    48 ||    55
  Dodge: Dodged            |    39 |    70 ||   109

Table legend:
 A = Non-vault XP
 B = Vault XP
 C = Vault XP percentage of total XP
 D = Non-vault monster count
 E = Vault monster count
 F = Vault count percentage of total count
                 A         B        C        D         E       F
            +---------+---------+-------+---------+---------+-------
      Total |     223 |      11 |   4.7 |      93 |       4 |   4.1
            +---------+---------+-------+---------+---------+-------
        D:1 |      66 |       0 |   0.0 |      37 |       0 |   0.0
        D:2 |      70 |       0 |   0.0 |      22 |       0 |   0.0
        D:3 |      61 |       6 |   9.0 |      26 |       2 |   7.1
        D:4 |      26 |       5 |  16.1 |       8 |       2 |  20.0
            +---------+---------+-------+---------+---------+-------
